 Dungeon Crawl Stone Soup version 0.31-a0-940-gdaa99269f9 (webtiles) character file.

Game seed: 2376653723000983176

3482 promet the Covert (level 10, -3/63 HPs)
             Began as a Kobold Brigand on Oct 20, 2023.
             Was an Initiate of Dithmenos.
             Slain by a death yak (7 damage)
             ... on level 9 of the Dungeon.
             The game lasted 01:19:12 (13662 turns).

promet the Covert (Kobold Brigand)                 Turns: 13662, Time: 01:19:13

Health: -3/63      AC: 13    Str: 17    XL:     10   Next: 27%
Magic:  12/12      EV: 17    Int: 12    God:    Dithmenos [......]
Gold:   409        SH:  0    Dex: 22    Spells: 10/11 levels left

rFire   x . .        a - +4 short sword (venom)
rCold   . . .        (no shield)
rNeg    . . .        f - +2 leather armour of Ruoluceh {rF- Str+3 Stlth+}
rPois   .            w - +0 helmet
rElec   .            h - +2 cloak
rCorr   +            r - +0 pair of gloves
SInv    .            i - +2 pair of boots
Will    .....        P - amulet of faith
Stlth   +++++++      y - ring of resist corrosion
HPRegen 0.30/turn    G - +6 ring of strength
MPRegen 0.13/turn

%: faith
@: about to teleport
A: small, no large weapons, nightstalker 3
a: Renounce Religion


You were on level 9 of the Dungeon.
You worshipped Dithmenos.
Dithmenos was noncommittal.
You visited 2 branches of the dungeon, and saw 10 of its levels.
You also visited: Ossuary.

You collected 409 gold pieces.

Inventory:

Hand Weapons
 a - a +4 short sword of venom (weapon)
 b - a +0 arbalest
 c - a +3 trident of draining
 l - a +0 war axe
 t - a +1 falchion of draining
 v - a +1 dagger of venom
 B - a +1 heavy falchion
 H - a +3 dagger
 L - a +2 war axe
 R - a +1 short sword of electrocution
 V - a +1 sling of flaming
Missiles
 d - 39 poisoned darts
 e - 6 curare-tipped darts
 g - 77 stones
 k - 14 boomerangs
 q - 2 darts of dispersal (quivered)
 X - a throwing net
Armour
 f - the +2 leather armour of Ruoluceh (worn) {rF- Str+3 Stlth+}
   (You found it on level 4 of the Dungeon)

   Str+3:     It affects your strength (+3).
   rF-:       It makes you vulnerable to fire.
   Stlth+:    It makes you more stealthy.
 h - a +2 cloak (worn)
 i - a +2 pair of boots (worn)
 m - a +0 chain mail
 r - a +0 pair of gloves (worn)
 w - a +0 helmet (worn)
 E - a +0 leather armour of cold resistance
 I - a +0 kite shield
Magical Staves
 T - a staff of earth
Jewellery
 j - a ring of positive energy
 y - a ring of resist corrosion (left hand)
 D - a ring of flight
 G - a +6 ring of strength (right hand)
 P - an amulet of faith (around neck)
 U - a ring of poison resistance
Talismans
 O - a maw talisman
Wands
 o - a wand of quicksilver (3)
 p - a wand of paralysis (7)
 A - a wand of mindburst (8)
Scrolls
 C - 2 scrolls of immolation
 F - 2 scrolls of revelation
 J - 5 scrolls of teleportation
 W - a scroll of silence {unknown}
Potions
 n - 4 potions of enlightenment
 s - a potion of brilliance
 u - 4 potions of cancellation
 x - a potion of degeneration {unknown}
 z - 3 potions of lignification
 K - 2 potions of resistance
 M - a potion of attraction
 Q - a potion of mutation
 S - a potion of curing


   Skills:
 * Level 7.3 Fighting
 + Level 7.1(7.2) Short Blades
 + Level 0.6(2.8) Long Blades
 + Level 5.9 Ranged Weapons
 + Level 3.9 Throwing
 + Level 3.0 Armour
 + Level 4.6 Dodging
 + Level 11.4 Stealth
 + Level 1.1 Shields
 + Level 1.4 Spellcasting
 + Level 1.6 Summonings
 + Level 2.0 Evocations


You had 10 spell levels left.
You knew the following spells:

 Your Spells              Type           Power      Damage    Failure   Level
a - Summon Small Mammal   Summ           16%        N/A       17%         1

Your spell library contained the following spells:

 Spells                   Type           Power      Damage    Failure   Level
 Call Canine Familiar     Summ           4%         N/A       45%         3
 Summon Guardian Golem    Hex/Summ       2%         N/A       58%         3


Dungeon Overview and Level Annotations

Branches:
Dungeon (9/15)             Temple (1/1) D:5         Ossuary (visited)
   Lair: D:8-11         Orc: D:9-12

Altars:
Ashenzari
Dithmenos
Elyvilon
Fedhas
Gozag
Hepliaklqana
Kikubaaqudgha
Makhleb
Nemelex Xobeh
Okawaru
Qazlal
Ru
Sif Muna
Trog
Uskayaw
Vehumet
Wu Jian
Xom
Yredelemnul
Zin
The Shining One

Shops:
D:6 =


Innate Abilities, Weirdness & Mutations

You are small and have problems with some larger weapons.
You are completely attuned to the shadows.


Message History

You barely miss the death yak.
The death yak is heavily wounded.
The death yak gores you!
You hit the death yak but do no damage.
The death yak looks as sick as possible!
The death yak is heavily wounded.
Okay, then.
Okay, then.
Blink to where?
Press: ? - help, Dir - move target, p - death yak
As you read the scroll of blinking, it crumbles to dust.
Your +4 short sword of venom stops dripping with poison.
b - a +0 arbalest (weapon)
You are too injured to fight recklessly!
You are too injured to fight recklessly!
Aiming: Mindburst
Press: ? - help, Shift-Dir - straight line, f - death yak
Aim: a death yak (heavily wounded, extremely poisoned, chance to affect: 12%)
The death yak's mind is blasted!
Aiming: Paralyse
Press: ? - help, Shift-Dir - straight line, f/p - death yak
Aim: a death yak (severely wounded, extremely poisoned, chance to affect: 3%)
The death yak resists with almost no effort.
Your +4 short sword of venom begins to drip with poison!
a - a +4 short sword of venom (weapon)
You hit the death yak.
The death yak looks as sick as possible!
The death yak is severely wounded.
The death yak completely misses you.
You hit the death yak but do no damage.
The death yak looks as sick as possible!
The death yak is severely wounded.
The death yak gores you!!
* * * LOW HITPOINT WARNING * * *
As you read the scroll of teleportation, it crumbles to dust.
You feel strangely unstable. The death yak gores you.
* * * LOW HITPOINT WARNING * * *
The death yak attacks as it pursues you!
The death yak gores you!
You die...

#.#..............#.#
#.#..#...........#.#
#................#.#
#................#.#
#.#..#...........#.#
#.#..#...........#.#
#................#.#
#.....Y..........#.#
#.....@..........#.#
#.#..#.............#
#..................#
#..................#
#....#.###.........#
#.#....#.#.#.......#
#...####.'.#.......#
#...#....#.#.......#
###########...######.........####


You could see a death yak (extremely poisoned).

Vanquished Creatures
  Jeremiah (D:7)
  Grinder (D:3)
  Duvessa (D:4)
  3 water moccasins
  An ice beast (D:7)
  2 orc warriors
  A sky beast (D:7)
  An ogre (D:4)
  3 centaurs
  A phantom (D:5)
  A kobold brigand (D:8)
  2 bullfrogs
  2 scorpions (D:6)
  5 wights (D:9)
  Dowan (D:4)
  3 killer bees (D:8)
  3 howler monkeys (D:8)
  3 electric eels (D:7)
  A jelly (D:8)
  A centaur zombie (Ossuary)
  2 orc priests
  2 human zombies (Ossuary)
  A hound (D:6)
  5 iguanas
  2 sleepcaps (D:4)
  Ijyb (D:3)
  5 orc wizards
  3 mummies
  4 gnolls (D:2)
  7 adders
  A shadow imp (D:7)
  A white imp (D:6)
  6 ufetubi (D:6)
  2 adder zombies (Ossuary)
  A dart slug (D:4)
  21 orcs
  5 bats
  5 endoplasms
  A giant cockroach (D:1)
  12 goblins
  13 hobgoblins
  2 jackals (D:4)
  8 kobolds
  8 quokkas
  12 ball pythons
  4 frilled lizards
  A goblin zombie (Ossuary)
  10 hobgoblin zombies (Ossuary)
  10 kobold zombies (Ossuary)
  10 orc zombies (Ossuary)
  8 rats
  A rat zombie (Ossuary)
211 creatures vanquished.

Vanquished Creatures (others)
  Robin (D:3)
1 creature vanquished.

Grand Total: 212 creatures vanquished

Notes
Turn   | Place    | Note
-------+----------+-------------------------------------------
     0 | D:1      | promet the Kobold Brigand began the quest for the Orb.
     0 | D:1      | Reached XP level 1. HP: 12/12 MP: 1/1
    82 | D:1      | Reached XP level 2. HP: 17/17 MP: 2/2
   544 | D:1      | Reached XP level 3. HP: 22/22 MP: 3/3
   591 | D:1      | Reached skill level 6 in Stealth
  1285 | D:2      | Reached XP level 4. HP: 27/27 MP: 4/4
  2613 | D:2      | Reached skill level 1 in Armour
  2613 | D:2      | Reached XP level 5. HP: 32/32 MP: 5/5
  2784 | D:3      | Reached skill level 7 in Stealth
  2872 | D:3      | Noticed Ijyb
  2877 | D:3      | Killed Ijyb
  2916 | D:3      | Noticed Grinder
  2919 | D:3      | Killed Grinder
  2920 | D:3      | Reached skill level 8 in Stealth
  2920 | D:3      | Reached XP level 6. HP: 38/38 MP: 6/6
  3262 | D:3      | Noticed Robin
  3270 | D:3      | Killed Robin
  3420 | D:3      | Learned a level 1 spell: Summon Small Mammal
  4065 | D:4      | Reached XP level 7. HP: 43/43 MP: 7/7
  4092 | D:4      | Identified the +2 leather armour of Ruoluceh {rF- Str+3
                  | Stlth+}
  4283 | D:4      | Noticed a water moccasin
  4686 | D:4      | Reached skill level 1 in Ranged Weapons
  4835 | D:4      | Noticed Dowan
  4837 | D:4      | Noticed Duvessa
  4838 | D:4      | Killed a water moccasin
  5313 | D:4      | Killed Duvessa
  5314 | D:4      | Reached XP level 8. HP: 37/48 MP: 8/8
  5329 | D:4      | Killed Dowan
  5590 | D:5      | Entered Level 5 of the Dungeon
  5722 | D:5      | Reached skill level 1 in Summonings
  5722 | D:5      | Reached skill level 1 in Evocations
  5770 | D:5      | Reached skill level 1 in Spellcasting
  6208 | D:5      | Reached skill level 5 in Fighting
  6632 | D:5      | Found a staircase to the Ecumenical Temple.
  6766 | D:6      | Found Dockum's Jewellery Boutique.
  6855 | D:6      | Reached skill level 9 in Stealth
  6994 | D:6      | Found a stormy altar of Qazlal.
  6994 | D:6      | Found a hazy altar of Hepliaklqana.
  7756 | D:6      | Reached skill level 5 in Short Blades
  7985 | D:7      | Found a sand-covered staircase.
  7994 | D:7      | Reached XP level 9. HP: 54/54 MP: 11/11
  8005 | Ossuary  | Entered an ossuary
  8645 | D:7      | Reached skill level 10 in Stealth
  8794 | D:7      | Reached skill level 1 in Shields
  9243 | D:7      | Noticed Jeremiah
  9953 | D:7      | Killed Jeremiah
  9954 | D:7      | Reached skill level 11 in Stealth
 10517 | D:8      | Upgraded the game from 0.31-a0-931-g7b59d4eb97 to
                  | 0.31-a0-940-gdaa99269f9
 10786 | Temple   | Entered the Ecumenical Temple
 10803 | Temple   | Became a worshipper of Dithmenos the Shadowed
 11442 | D:8      | Reached XP level 10. HP: 61/61 MP: 12/12
 12237 | D:8      | Reached skill level 5 in Ranged Weapons
 13608 | D:9      | Noticed a death yak
 13660 | D:9      | HP: 3/63 [death yak (2)]
 13662 | D:9      | Slain by a death yak

Illustrated notes

Levels and vault maps discovered:
D:1:      dpeg_arrival_prison, layout_loops_ring, kennysheep_small_spiral,
          corexii_item_surrounded_by_moat
D:2:      layout_basic, serial_aquarium, aquarium_bridge_long_joined
          [aquarium_subvault_wall, aquarium_subvault_bridge,
          aquarium_subvault_window, aquarium_subvault_bridge,
          aquarium_subvault_wall, aquarium_subvault_wall],
          aquarium_bridge_island_large [aquarium_subvault_large_water,
          aquarium_subvault_window, aquarium_subvault_balcony,
          aquarium_subvault_wall, aquarium_subvault_bridge],
          aquarium_window_corridor_3, aquarium_window_1, aquarium_view_2b,
          aquarium_view_2c, aquarium_pool_four, hangedman_decor_growths
D:3:      layout_loops_ring, uniq_robin, uniq_grinder, uniq_ijyb
D:4:      layout_loops_ring, uniq_duvessa
D:5:      layout_basic, minmay_temple_entry_large_hall, portal_sewer_entry_d,
          minmay_misc_feat_roman
D:6:      layout_basic, gammafunk_temple_overflow_statue, serial_shops,
          nicolae_shop_peninsula
D:7:      wad_lake_hut, layout_cave_pools, gup_ossuary_entry_pyramid,
          uniq_jeremiah
D:8:      layout_layer_cave
D:9:      layout_stronghold, dpeg_lair_monsters
Temple:   nicolae_temple_bog_church

Skill      XL: |  1  2  3  4  5  6  7  8  9 10 |
---------------+-------------------------------+-----
Stealth        | 6 8 9 11 | 11.4
Short Blades   | 3 4 5 6 7 |  7.1
Armour         | 1 2 3 |  3.0
Fighting       | 3 4 5 6 7 |  7.3
Throwing       | 3 |  3.9
Ranged Weapons | 1 4 5 |  5.9
Dodging        | 2 3 4 |  4.6
Summonings     | 1 |  1.6
Evocations     | 1 2 |  2.0
Spellcasting   | 1 |  1.4
Shields        | 1 |  1.1
Long Blades    | |  0.6

Action                     |  1- 3 |  4- 6 |  7- 9 | 10-12 || total
---------------------------+-------+-------+-------+-------++-------
  Melee: Dagger            |    70 |    63 |   152 |       ||   285
         Punch             |       |       |     2 |     2 ||     4
         Short sword       |       |       |   155 |    45 ||   200
         Falchion          |       |       |     5 |       ||     5
         Trident           |       |       |       |     6 ||     6
   Fire: Sling             |       |    10 |    46 |       ||    56
         Arbalest          |       |       |    23 |    30 ||    53
         Orcbow            |       |       |     2 |       ||     2
  Throw: Dart              |     4 |     2 |    19 |     1 ||    26
         Boomerang         |       |     8 |       |       ||     8
         Throwing net      |       |       |     2 |       ||     2
   Cast: Summon Small Mamm |       |     1 |     8 |     2 ||    11
  Evoke: Wand              |       |     4 |    16 |     2 ||    22
    Use: Scroll            |     2 |     4 |    13 |     3 ||    22
         Potion            |       |       |     2 |       ||     2
   Stab: Sleeping          |    15 |    19 |    31 |     1 ||    66
         Distracted        |       |       |     4 |       ||     4
         Held in net/web   |       |       |     1 |       ||     1
 Armour: Leather armour    |    31 |    24 |   150 |    38 ||   243
  Dodge: Dodged            |    49 |    40 |   232 |    32 ||   353
  Block: Kite shield       |       |       |    19 |       ||    19

Table legend: (Time is in decaauts)
 A = Elapsed time spent in this place.
 B = Non-inter-level travel time spent in this place.
 C = Inter-level travel time spent in this place.
 D = Time resting spent in this place.
 E = Time spent auto-exploring this place.
 F = Levels seen in this place.
 G = Mean time per level.
                   A        B        C        D        E       F      G
               +--------+--------+--------+--------+--------+-----+--------+
         Total |  13672 |  13172 |    500 |   3450 |   2982 |  11 | 1242.9 |
       Dungeon |  13028 |  12528 |    500 |   3350 |   2982 |   9 | 1447.6 |
        Temple |     31 |     31 |      0 |      0 |      0 |   1 |   31.0 |
       Ossuary |    612 |    612 |      0 |    100 |      0 |   1 |  612.0 |
               +--------+--------+--------+--------+--------+-----+--------+

Top non-repeatable levels by time:
     D:8: 2080 daAuts
     D:7: 1824 daAuts
     D:4: 1650 daAuts
     D:2: 1596 daAuts
     D:6: 1321 daAuts
     D:3: 1318 daAuts
     D:1: 1145 daAuts
     D:5: 1062 daAuts
     D:9: 1029 daAuts
 Ossuary: 612 daAuts
  Temple: 31 daAuts
